 Dungeon Crawl Stone Soup version 0.32-a0-673-g3729bd50f8 (webtiles) character file.

Game seed: 4625923770219761141

32 porpoise the Shooter (level 3, -4/22 HPs)
             Began as a Tengu Hunter on Mar 11, 2024.
             Slain by an orc priest
             ... wielding a +0 trident
              (9 damage)
             ... on level 2 of the Dungeon.
             The game lasted 00:02:18 (963 turns).

porpoise the Shooter (Tengu Hunter)                  Turns: 963, Time: 00:02:18

Health: -4/22      AC:  3    Str: 11    XL:     3   Next: 27%
Magic:  4/4        EV: 12    Int:  9    God:
Gold:   51         SH:  0    Dex: 19    Spells: 2/2 levels left

rFire   . . .        a - +0 shortbow
rCold   . . .        (shield currently unavailable)
rNeg    . . .        c - +0 leather armour
rPois   .            (helmet restricted)
rElec   .            (no cloak)
rCorr   .            (no gloves)
SInv    .            (boots unavailable)
Will    .....        (no amulet)
Stlth   ++           (no ring)
HPRegen 0.23/turn    (no ring)
MPRegen 0.09/turn

%: acrobat
@: no status effects
A: beak, talons 3, acrobatic
a: Convert to Beogh


You were on level 2 of the Dungeon.
You visited 1 branch of the dungeon, and saw 2 of its levels.

You collected 51 gold pieces.

Inventory:

Hand Weapons
 a - a +0 shortbow (weapon)
Missiles
 e - 4 boomerangs
Armour
 c - a +0 leather armour (worn)
Scrolls
 b - a scroll of butterflies
 d - a scroll of identify
 h - a scroll of fear {unknown}
Potions
 f - 3 potions of heal wounds
 g - a potion of attraction
 i - a potion of curing


   Skills:
 + Level 2.4 Fighting
 * Level 5.0 Ranged Weapons
 - Level 2.1 Dodging
 + Level 1.8 Stealth


You had 2 spell levels left.
You didn't know any spells.
Your spell library was empty.

Dungeon Overview and Level Annotations

Branches:
Dungeon (2/15)

Altars:


Innate Abilities, Weirdness & Mutations

You have a beak for a mouth.
You have claws for feet.
You can magically evade attacks while moving or waiting.


Message History

You shoot an arrow.
The arrow hits the orc but does no damage.
The orc is lightly wounded.
The orc priest casts a cantrip, but nothing happens.
You shoot an arrow. The arrow closely misses the orc.
The orc priest mumbles some strange prayers to Beogh against you.
Beogh smites you! The orc barely misses you.
The orc priest shouts, "Surrender to Beogh and we'll let you live!" (press Y on the ability menu to convert to Beogh)
You shoot an arrow. The arrow hits the orc.
The orc is heavily wounded.
The orc hits you with a +0 short sword.
You are too injured to fight recklessly!
You are too injured to fight recklessly!
You are too injured to fight recklessly!
You are too injured to fight recklessly!
Fire: a) +0 shortbow
Press: ? - help, Q - select action, (/) - cycle Shift-Dir - straight line, f - orc priest, p - orc
Aim: an orc priest, wielding a +0 trident (64% to hit)
You shoot an arrow. The arrow closely misses the orc.
The arrow barely misses the orc priest.
The orc priest shouts, "The Pantheon deserves no one's loyalty.
Let us show you the true path!"
The orc priest shouts, "Surrender to Beogh and we'll let you live!"
The orc priest calls upon Beogh to heal the orc.
The orc's wounds heal themselves!
The orc closely misses you.
Fire: a) +0 shortbow
Press: ? - help, Q - select action, (/) - cycle Shift-Dir - straight line, f/p - orc priest
Aim: an orc priest, wielding a +0 trident (64% to hit)
You shoot an arrow. The arrow barely misses the orc.
The arrow closely misses the orc priest.
The orc closely misses you. The orc hits you with a +0 short sword.
* * * LOW HITPOINT WARNING * * *
The orc priest misses you.
Fire: a) +0 shortbow
Press: ? - help, Q - select action, (/) - cycle Shift-Dir - straight line, f/p - orc priest
Aim: an orc priest, wielding a +0 trident (64% to hit)
You shoot an arrow. The arrow hits the orc.
The orc is lightly wounded.
The orc priest hits you from afar with a +0 trident!
You die...

......... ##.....).. ###
#......... ## ..#
......... .. #.#
......... #.#. #.#
#........ #.#. #.#
#.oo..... #.#. #.#
##@#######
....####.######.........
................#.######
..#..###.######...#
.....# #.# ##.## ..##.#
#.# .# ....## #># .#
....# #.# .# ..#.# #.#
.#


You could see an orc priest and an orc.

Vanquished Creatures
  A dart slug (D:1)
  An orc (D:2)
  3 ball pythons (D:1)
  5 bats
  An endoplasm (D:1)
  2 giant cockroaches (D:1)
  4 goblins (D:1)
  3 hobgoblins (D:1)
  A kobold (D:1)
  A quokka (D:1)
  2 frilled lizards (D:1)
  A rat (D:1)
25 creatures vanquished.

Notes
Turn   | Place    | Note
-------+----------+-------------------------------------------
     0 | D:1      | porpoise the Tengu Hunter began the quest for the Orb.
     0 | D:1      | Reached XP level 1. HP: 12/12 MP: 2/2
   153 | D:1      | Reached XP level 2. HP: 17/17 MP: 3/3
   583 | D:1      | Reached XP level 3. HP: 22/22 MP: 4/4
   709 | D:1      | Reached skill level 5 in Ranged Weapons
   963 | D:2      | Slain by an orc priest

Illustrated notes

Levels and vault maps discovered:
D:1:      denvon_arrival_waterhouse, layout_basic
D:2:      cheibrodos_pilgrimage, layout_loops_ring, hangedman_decor_push

Skill      XL: |  1  2  3 |
---------------+----------+-----
Ranged Weapons | 5 |  5.0
Fighting       | |  2.4
Dodging        | |  2.1
Stealth        | |  1.8

Action                     || total
---------------------------++-------
   Fire: Shortbow          ||    81
    Use: Scroll            ||     3
 Armour: Leather armour    ||    36
  Dodge: Dodged            ||    34

Table legend: (Time is in decaauts)
 A = Elapsed time spent in this place.
 B = Non-inter-level travel time spent in this place.
 C = Inter-level travel time spent in this place.
 D = Time resting spent in this place.
 E = Time spent auto-exploring this place.
 F = Levels seen in this place.
 G = Mean time per level.
                   A        B        C        D        E       F      G
               +--------+--------+--------+--------+--------+-----+--------+
         Total |    981 |    956 |     25 |    327 |    490 |   2 |  490.5 |
       Dungeon |    981 |    956 |     25 |    327 |    490 |   2 |  490.5 |
               +--------+--------+--------+--------+--------+-----+--------+

Top non-repeatable levels by time:
     D:1: 939 daAuts
     D:2: 41 daAuts
